 Dungeon Crawl Stone Soup version 0.29.1-1-gd02db6906a (webtiles) character file.

Game seed: 13692999583266708597

10364 Acheron the Spear-Bearer (level 11, -4/83 HPs)
             Began as a Human Wanderer on Oct 16, 2022.
             Was a Believer of Nemelex Xobeh.
             Slain by a water moccasin (8 damage)
             ... on level 1 of the Lair of Beasts on Oct 18, 2022.
             The game lasted 01:15:09 (13355 turns).

Acheron the Spear-Bearer (Human Wanderer)          Turns: 13355, Time: 01:15:09

Health: -4/83      AC: 12    Str: 13    XL:     11   Next: 91%
Magic:  14/14      EV: 15    Int: 15    God:    Nemelex Xobeh [**....]
Gold:   810        SH:  0    Dex: 18    Spells: 9/14 levels left

rFire   . . .      SeeInvis .   u - +6 trident "Uguewioc" {vorpal, Int+4}
rCold   . . .      Faith    .   (no shield)
rNeg    . . .      Spirit   .   e - +3 leather armour {rPois}
rPois   +          Reflect  .   (no helmet)
rElec   .          Harm     .   (no cloak)
rCorr   .          Rampage  .   J - +0 pair of gloves
Will    .....                   (no boots)
Stlth   +++.......              (no amulet)
HPRegen 0.23/turn               y - +4 ring of protection
MPRegen 0.14/turn               L - ring of poison resistance

@: mighty
A: no striking features
a: Renounce Religion, Draw Escape, Draw Destruction, Draw Summoning


You were on level 1 of the Lair of Beasts.
You worshipped Nemelex Xobeh.
Nemelex Xobeh was pleased with you.
You visited 4 branches of the dungeon, and saw 17 of its levels.
You also visited: Gauntlet.

You collected 810 gold pieces.

Inventory:

Hand Weapons
 a - a +3 spear of freezing
 i - a +2 dagger of speed
 k - a +2 long sword of flaming
 r - a +3 dagger of flaming
 u - the +6 trident "Uguewioc" (weapon) {vorpal, Int+4}
   (You found it on level 5 of the Dungeon)

   It inflicts extra damage upon your enemies.
   Int:       It affects your intelligence (+4).
 x - the +3 war axe of Bright Exoneration {flame, Fragile rPois rN+ Will+}
   (You found it on level 9 of the Dungeon)

   It burns those it strikes, dealing additional fire damage.
   Big, fiery blades are also staple armaments of hydra-hunters.
   rPois:     It protects you from poison.
   rN:        It protects you from negative energy.
   Fragile:   It will be destroyed if unequipped.
   Will:      It increases your willpower.
Missiles
 c - 4 boomerangs (quivered)
 q - 25 poisoned darts
 H - 2 silver javelins
Armour
 e - a +3 leather armour of poison resistance (worn)
 J - a +0 pair of gloves (worn)
Jewellery
 y - a +4 ring of protection (left hand)
 L - a ring of poison resistance (right hand)
Wands
 b - a wand of mindburst (19)
 w - a wand of charming (19)
 G - a wand of roots (11)
 K - a wand of acid (6)
Scrolls
 d - 3 scrolls of butterflies
 g - a scroll of amnesia
 j - 2 scrolls of blinking
 l - a scroll of enchant weapon
 s - a scroll of brand weapon
 D - a scroll of magic mapping
 F - 2 scrolls of teleportation
Potions
 f - 3 potions of magic
 h - 2 potions of mutation
 m - 4 potions of lignification
 n - 2 potions of curing
 o - 2 potions of brilliance
 p - a potion of might
 t - a potion of berserk rage
 B - 3 potions of haste
 I - a potion of cancellation
Miscellaneous
 C - a lightning rod (4/4)


   Skills:
 * Level 6.7 Fighting
 + Level 2.0 Long Blades
 * Level 11.2 Polearms
 * Level 4.8 Throwing
 * Level 5.7 Armour
 * Level 6.1 Dodging
 * Level 6.1 Stealth
 * Level 2.1 Spellcasting
 * Level 2.3 Translocations
 * Level 2.1 Invocations
 * Level 5.4 Evocations


You had 9 spell levels left.
You knew the following spells:

 Your Spells              Type           Power      Damage    Failure   Level
a - Beastly Appendage     Tmut           2%         N/A       26%         1
b - Apportation           Tloc           16%        N/A       11%         1
c - Necrotise             Necr           4%         1d4       26%         1
d - Blink                 Tloc           16%        N/A       16%         2

Your spell library contained the following spells:

 Spells                   Type           Power      Damage    Failure   Level
 Summon Small Mammal      Summ           4%         N/A       26%         1
 Lesser Beckoning         Tloc           8%         N/A       30%         3
 Scorch                   Fire           2%         2d5       38%         2
 Wereblood                Tmut           1%         N/A       38%         2
 Spider Form              Tmut/Pois      1%         N/A       63%         3
 Flame Wave               Conj/Fire      1%         2d4       95%         4
 Manifold Assault         Tloc           8%         N/A       96%         5
 Fireball                 Conj/Fire      0%         3d3       100%        5
 Iskenderun's Battlesphe  Conj           1%         2d6       100%        5
 Conjure Ball Lightning   Conj/Air       0%         3x3d6     100%        6
 Summon Cactus Giant      Summ           0%         N/A       100%        6
 Orb of Destruction       Conj           0%         9d5       100%        7


Dungeon Overview and Level Annotations

Branches:
Dungeon (13/15)            Temple (1/1) D:6            Lair (1/5) D:10
    Orc (2/2) D:9         Gauntlet (visited)
    Elf: Orc:2       Vaults: D:13-14

Altars:
Ashenzari
Cheibriados
Dithmenos
Elyvilon
Fedhas
Gozag
Hepliaklqana
Kikubaaqudgha
Makhleb
Nemelex Xobeh
Okawaru
Qazlal
Ru
Sif Muna
Trog
Vehumet
Wu Jian
Xom
Yredelemnul
Zin
The Shining One

Shops:
D:4 (

Annotations:
D:1 exclusion: downstairs
D:3 exclusion: downstairs
D:4 Blork the orc
D:5 4 runed translucent doors, exclusion: upstairs
D:6 exclusion: downstairs
D:7 exclusion: downstairs
D:8 exclusion: downstairs
D:9 exclusion: downstairs
D:10 Grum, Sonja
D:11 exclusion: upstairs


Message History

The blink frog blinks! x2
The blink frog hits you!
* * * LOW HITPOINT WARNING * * *
The blink frog blinks!
The blink frog barely misses you.
The blink frog blinks!
You see here a blink frog corpse.
You puncture the blink frog!
The blink frog is heavily wounded.
The blink frog hits you!
* * * LOW HITPOINT WARNING * * *
The blink frog blinks!
You feel much better. The blink frog closely misses you.
Aiming: Charm
Press: ? - help, Shift-Dir - straight line, f - blink frog
Aim: a blink frog (chance to affect: 45%)
The blink frog resists with some effort.
The blink frog gives a loud, deep croak! x2
The blink frog misses you.
The blink frog blinks!
The blink frog hits you but does no damage.
You feel very mighty all of a sudden.
The blink frog blinks!
The blink frog completely misses you. The blink frog barely misses you.
The blink frog hits you.
You closely miss the blink frog.
The blink frog is heavily wounded.
The blink frog completely misses you. The blink frog hits you.
* * * LOW HITPOINT WARNING * * *
You miss the blink frog.
The blink frog is heavily wounded.
The blink frog hits you but does no damage.
The blink frog blinks! x2; The blink frog hits you!
* * * LOW HITPOINT WARNING * * *
You impale the blink frog!!
You kill the blink frog!
The blink frog hits you!
* * * LOW HITPOINT WARNING * * *
The blink frog blinks!
You puncture the water moccasin!
The water moccasin is severely wounded.
The water moccasin bites you!
You die...
Your body glows slightly and disappears.

#.###....###.#.##.#
##.##.#..#.##......#
#.......>.....P#P..#
#...###...#.#..##..#
#...# #.......#....#
##.#.###...>........##
#P.......###.#####...##..
##.##....# #.######F....#
#..##<#.# #...†@SFF....#
#.###.#.# ########F§.###
#...#...## ..# #........#
... #....#.#.# .##
#....#####.[. # ##...##
.P. #.#F #....# ... #.#..
##...#####.## ....#


You could see 4 blink frogs and a water moccasin.

Vanquished Creatures
  2 two-headed ogres (D:10)
  Nergalle (D:10)
  A deep elf pyromancer (D:11)
  3 gargoyles
  An unseen horror (D:11)
  Joseph (D:9)
  2 cane toads (Lair:1)
  A komodo dragon (D:11)
  5 blink frogs (Lair:1)
  A hornet (D:8)
  Eustachio (D:4)
  2 shadows (D:11)
  2 yaks (D:10)
  2 steam dragons
  An acid dragon (D:10)
  A water moccasin (D:5)
  Duvessa (D:5)
  2 black bears
  2 sky beasts (D:6)
  3 orc warriors
  2 ogres (D:6)
  A phantom (D:5)
  4 centaurs
  4 kobold brigands
  2 necrophages
  5 bullfrogs
  3 scorpions
  5 killer bees
  Dowan (D:5)
  8 howler monkeys
  6 hounds
  7 orc priests
  Jessica (D:2)
  3 iguanas
  Ijyb (D:4)
  9 orc wizards
  A gnoll (D:5)
  7 adders
  A shadow imp (D:8)
  3 white imps
  4 ufetubi
  3 worms
  30 orcs
  4 bats
  9 endoplasms
  A giant cockroach (D:3)
  12 goblins
  5 hobgoblins
  4 jackals (D:4)
  12 kobolds
  3 quokkas
  2 ball pythons
  2 frilled lizards (D:3)
  8 rats
208 creatures vanquished.

Vanquished Creatures (others)
  An unseen horror (D:10)
  3 demonic plants (Gauntlet)
  8 fungi
  24 plants
36 creatures vanquished.

Grand Total: 244 creatures vanquished

Notes
Turn   | Place    | Note
-------+----------+-------------------------------------------
     0 | D:1      | Acheron the Human Wanderer began the quest for the Orb.
     0 | D:1      | Acheron set off with the following items: a +2 spear, a +0
                  | falchion, a +0 pair of gloves, a scroll of butterflies, a
                  | +0 robe.
     0 | D:1      | Reached XP level 1. HP: 15/15 MP: 1/1
    22 | D:2      | Noticed Jessica
   143 | D:1      | Reached XP level 2. HP: 21/21 MP: 2/2
  1104 | D:2      | Killed Jessica
  1105 | D:2      | Reached XP level 3. HP: 26/26 MP: 3/3
  1173 | D:2      | Reached XP level 4. HP: 25/32 MP: 4/4
  1318 | D:3      | Reached skill level 1 in Dodging
  1481 | D:3      | Identified the +0 robe of Impermeability {rElec rF- Dex+6}
  2224 | D:3      | Reached skill level 1 in Armour
  2332 | D:3      | Reached XP level 5. HP: 37/38 MP: 5/5
  2601 | D:3      | Found an ancient bone altar of Kikubaaqudgha.
  2832 | D:4      | Found Zocupload's Weapon Shoppe.
  2928 | D:4      | Noticed a bullfrog
  2946 | D:4      | Killed a bullfrog
  3122 | D:4      | Noticed Eustachio
  3130 | D:4      | Reached XP level 6. HP: 40/44 MP: 6/6
  3398 | D:5      | Entered Level 5 of the Dungeon
  3451 | D:5      | Identified the +6 trident "Uguewioc" {vorpal, Int+4}
  3611 | D:5      | Noticed Duvessa
  3611 | D:5      | Noticed Dowan
  3618 | D:4      | Reached skill level 6 in Polearms
  3664 | D:4      | Noticed Ijyb
  3680 | D:4      | Killed Ijyb
  3810 | D:4      | Killed Eustachio
  3811 | D:4      | Reached XP level 7. HP: 33/51 MP: 7/7
  4083 | D:4      | Noticed Blork the orc
  4185 | D:7      | Reached skill level 1 in Throwing
  4329 | D:6      | Reached XP level 8. HP: 56/58 MP: 8/8
  4706 | D:6      | Found a staircase to the Ecumenical Temple.
  4713 | Temple   | Entered the Ecumenical Temple
  4955 | D:6      | Reached skill level 7 in Polearms
  5436 | D:5      | Killed Duvessa
  5439 | D:5      | Killed Dowan
  5746 | D:5      | Learned a level 1 spell: Beastly Appendage
  5788 | D:5      | Found a large runed translucent door.
  5788 | D:5      | Found a large runed translucent door.
  5794 | D:5      | Noticed a two-headed ogre
  5805 | D:5      | Reached XP level 9. HP: 64/65 MP: 9/9
  5817 | D:5      | Reached skill level 8 in Polearms
  5861 | D:5      | Noticed a gargoyle
  5864 | D:5      | Killed a gargoyle
  5994 | D:5      | Found a large runed translucent door.
  5994 | D:5      | Found a large runed translucent door.
  6705 | D:6      | Found an ornate altar of the Wu Jian Council.
  6835 | D:6      | Reached skill level 9 in Polearms
  7324 | D:6      | Reached XP level 10. HP: 55/73 MP: 10/10
  8000 | D:7      | Found a snail-covered altar of Cheibriados.
  8137 | D:8      | Reached skill level 5 in Fighting
  8564 | D:9      | Noticed Joseph
  8578 | D:9      | Killed Joseph
  8744 | D:9      | Found an iron altar of Okawaru.
  8798 | D:10     | Entered Level 10 of the Dungeon
  8799 | D:10     | Noticed a two-headed ogre
  8806 | D:10     | Noticed Nergalle
  8811 | D:11     | Reached skill level 5 in Stealth
  8939 | D:11     | Found a gate leading to a gauntlet.
  8959 | Gauntlet | Entered a Gauntlet
  8959 | Gauntlet | Found a transporter.
  8959 | Gauntlet | Found a transporter.
  8963 | Gauntlet | Found a transporter.
  8963 | Gauntlet | Found a transporter.
  8965 | Gauntlet | Noticed a smoke demon
  8970 | Gauntlet | Noticed a tengu warrior
  8972 | Gauntlet | Found a transporter.
  8986 | Gauntlet | Noticed a gargoyle
  8990 | Gauntlet | Noticed a catoblepas
  8995 | Gauntlet | Found a transporter.
  8999 | Gauntlet | Noticed a large abomination
  9001 | Gauntlet | Found a transporter.
  9001 | Gauntlet | Found a transporter.
  9005 | Gauntlet | Found a transporter.
  9009 | Gauntlet | Noticed a wizard
  9011 | Gauntlet | Noticed a wizard
  9032 | Gauntlet | Found a transporter.
  9050 | Gauntlet | Noticed a necromancer
  9063 | Gauntlet | Found a transporter.
  9097 | Gauntlet | Found a transporter.
  9101 | Gauntlet | Noticed a fire crab
  9113 | Gauntlet | Found a transporter.
  9126 | Gauntlet | Found a transporter.
  9218 | Gauntlet | Found a transporter.
  9233 | Gauntlet | Found a transporter.
  9333 | D:11     | Noticed a komodo dragon
  9343 | D:11     | Killed a komodo dragon
  9609 | D:10     | Noticed a gargoyle
  9612 | D:10     | Killed a gargoyle
  9613 | D:10     | Reached skill level 10 in Polearms
  9613 | D:10     | Reached skill level 5 in Armour
  9613 | D:10     | Reached skill level 5 in Dodging
  9702 | D:10     | Noticed a cyclops
 10037 | D:9      | Found a staircase to the Orcish Mines.
 10040 | D:9      | Found a sparkling altar of Nemelex Xobeh.
 10043 | D:9      | Identified the +3 war axe of Bright Exoneration {flame,
                  | Fragile rPois rN+ Will+}
 10083 | D:9      | Learned a level 1 spell: Apportation
 10108 | D:9      | Learned a level 1 spell: Necrotise
 10137 | D:9      | Became a worshipper of Nemelex Xobeh the Trickster
 10341 | D:10     | Noticed Grum
 10355 | D:10     | Noticed a two-headed ogre
 10501 | Orc:1    | Entered Level 1 of the Orcish Mines
 10505 | Orc:2    | Entered Level 2 of the Orcish Mines
 11055 | D:10     | Killed an unseen horror
 11442 | D:10     | Killed a two-headed ogre
 11443 | D:10     | Reached skill level 1 in Spellcasting
 11443 | D:10     | Reached skill level 1 in Translocations
 11443 | D:10     | Reached XP level 11. HP: 59/81 MP: 12/12
 11444 | D:10     | Noticed Sonja
 11563 | D:10     | Reached skill level 5 in Evocations
 11643 | D:10     | Killed a two-headed ogre
 11660 | D:10     | Reached skill level 1 in Invocations
 12064 | D:11     | Reached * piety under Nemelex Xobeh
 12448 | D:11     | Learned a level 2 spell: Blink
 12533 | D:12     | Noticed a deep elf pyromancer
 12603 | D:11     | Killed a deep elf pyromancer
 12631 | D:11     | Received a gift from Nemelex Xobeh
 12783 | D:10     | Found a staircase to the Lair.
 12812 | D:10     | Killed Nergalle
 12937 | Lair:1   | Entered Level 1 of the Lair of Beasts
 12965 | Lair:1   | Noticed an elephant
 12987 | Lair:1   | Noticed an elephant
 12987 | Lair:1   | Noticed an elephant
 13035 | Lair:1   | Reached skill level 11 in Polearms
 13227 | Lair:1   | Reached ** piety under Nemelex Xobeh
 13354 | Lair:1   | HP: 3/83 [blink frog (9)]
 13355 | Lair:1   | Slain by a water moccasin

Illustrated notes

Levels and vault maps discovered:
D:1:      elethiomel_arrival_shortcut, layout_basic
D:2:      layout_rooms, dreamdust_princess_corridor, grunt_decor_arrowhead,
          uniq_jessica, uniq_robin
D:3:      minmay_spotlight, layout_basic, nicolae_kikubaaqudgha_miasma_corner
D:4:      layout_loops_cross, serial_shops, shop, uniq_eustachio,
          uniq_blork_the_orc, uniq_ijyb
D:5:      layout_rooms, minmay_hollow_rounded_squares, uniq_duvessa
D:6:      layout_cave_pods, pdpol_wu_jian_five_deadly_venoms, temple_statues
D:7:      layout_cave_pools, chei_slow_surprise, minivault_10
D:8:      minmay_octagon_keep, layout_basic, lemuel_doored_altar, enter_bailey_3
D:9:      layout_big_octagon, okawaru_gym_becter,
          nemelex_xobeh_ov_fountains_minmay, amcnicky_mini_rare_corridor_liquid,
          uniq_joseph
D:10:     minmay_clustersquares, layout_basic, dpeg_oklobed_lair, uniq_nergalle,
          uniq_grum, uniq_sonja
D:11:     nzn_winding_woodlands_medium [nzn_winding_woodlands_5x5_default,
          nzn_winding_woodlands_5x15_pockets,
          nzn_winding_woodlands_5x5_checkerboard,
          nzn_winding_woodlands_hourglass, nzn_winding_woodlands_center_garden,
          nzn_winding_woodlands_5x5_three, nzn_winding_woodlands_5x5_perimeter,
          nzn_winding_woodlands_5x15_pool, nzn_winding_woodlands_5x5_cross],
          layout_cave_pods, serial_shops, kennysheep_mini_moat,
          gauntlet_entry_generic, hangedman_abyss_or_decor_stagger
D:12:     minmay_the_grid_triangle_9x9_recursive_3
          [minmay_the_grid_triangle_9x9_intruding_spiral,
          minmay_the_grid_triangle_9x9_checkered,
          minmay_the_grid_triangle_9x9_corruption,
          minmay_the_grid_triangle_9x9_prize_schism,
          minmay_the_grid_triangle_9x9_corrupted_corridor,
          minmay_the_grid_triangle_9x9_cache,
          minmay_the_grid_triangle_9x9_thin_v,
          minmay_the_grid_triangle_9x9_from_above,
          minmay_the_grid_triangle_9x9_sprig], layout_cave_pods,
          minmay_misc_feat_four_crosses, nicolae_transporter_circle
D:13:     layout_layer_cave, serial_shops, nicolae_shop_waterfront
Temple:   nicolae_temple_bog_church
Lair:1:   layout_loops_ring, gammafunk_ghost_abyssal_escape
Orc:1:    layout_caves, serial_shops, shop, basic_altar, nicolae_orc_tapped_out,
          uniq_josephine, uniq_snorg
Orc:2:    st_orc_mages, layout_caves, nicolae_orc_rockfall

Skill      XL: |  1  2  3  4  5  6  7  8  9 10 11 |
---------------+----------------------------------+-----
Dodging        | 1 2 3 4 5 6 |  6.1
Armour         | 1 2 3 4 5 |  5.7
Fighting       | 2 3 4 6 |  6.7
Stealth        | 2 3 4 5 6 |  6.1
Evocations     | 2 3 4 5 |  5.4
Polearms       | 6 7 9 10 11 | 11.2
Throwing       | 1 2 3 4 |  4.8
Spellcasting   | 1 2 |  2.1
Translocations | 1 2 |  2.3
Invocations    | 2 |  2.1
Long Blades    | |  2.0

Action                   |  1- 3 |  4- 6 |  7- 9 | 10-12 || total
-------------------------+-------+-------+-------+-------++-------
Melee: Spear             |    56 |   185 |       |       ||   241
       Punch             |       |     3 |     4 |     3 ||    10
       Trident           |       |    75 |   236 |   345 ||   656
 Cast: Apportation       |       |       |       |     1 ||     1
       Blink             |       |       |       |     1 ||     1
Evoke: Wand              |       |       |     1 |    11 ||    12
  Use: Scroll            |     2 |     9 |     6 |     4 ||    21
       Potion            |       |     2 |     1 |     8 ||    11
 Stab: Sleeping          |       |       |     7 |     4 ||    11
Armor: Scale mail        |    15 |    97 |       |       ||   112
       Robe              |     1 |       |       |       ||     1
       Leather armour    |       |       |    85 |   129 ||   214
Dodge: Dodged            |    11 |    82 |   172 |   278 ||   543
